 Dungeon Crawl Stone Soup version 0.28-a0-1184-g53156a8862 (webtiles) character file.

Game seed: 13800817281034115839

3074 septik the Severer (level 9, 0/70 HPs)
             Began as a Minotaur Berserker on Dec 17, 2021.
             Was a Priest of Trog.
             Slain by a gnoll shaman (8 damage)
             ... in a bailey.
             The game lasted 00:08:27 (6191 turns).

septik the Severer (Minotaur Berserker)             Turns: 6191, Time: 00:08:29

Health: 0/70       AC: 16    Str: 24 (26) XL:     9   Next: 58%
Magic:  8/8        EV:  7    Int:  1 (4)  God:    Trog [***...]
Gold:   222        SH:  0    Dex:  7 (10) Spells: 8/8 levels left

rFire   . . .      SeeInvis .   m - +3 broad axe (drain)
rCold   . . .      Faith    .   (no shield)
rNeg    . . .      Spirit   .   r - +0 plate armour
rPois   .          Reflect  .   (helmet restricted)
rElec   .          Harm     .   l - +1 cloak
rCorr   .          Rampage  .   (no gloves)
Will    .....                   u - +2 pair of boots
Stlth   ..........              (no amulet)
HPRegen 0.21/turn               (no ring)
MPRegen 0.11/turn               (no ring)

@: on berserk cooldown, slowed, very slow
A: horns 2, retaliatory headbutt
a: Renounce Religion, Berserk, Trog's Hand


You were in a bailey.
You worshipped Trog.
Trog was most pleased with you.
You visited 1 branch of the dungeon, and saw 7 of its levels.
You also visited: Bailey.

You collected 446 gold pieces.
You spent 224 gold pieces at shops.

Inventory:

Hand Weapons
 a - a +0 hand axe
 m - a +3 broad axe of draining (weapon)
Missiles
 e - 140 stones (quivered)
 y - 4 throwing nets
Armour
 l - a +1 cloak (worn)
 r - a +0 plate armour (worn)
 u - a +2 pair of boots (worn)
Wands
 v - a wand of paralysis (6)
Scrolls
 b - 3 scrolls of identify
 d - a scroll of fear {unknown}
 f - a scroll of acquirement {unknown}
 h - 2 scrolls of noise
 i - 4 scrolls of blinking {unknown}
 o - a scroll of fog {unknown}
 p - 2 scrolls of silence {unknown}
 q - 2 scrolls of enchant weapon {unknown}
 s - 2 scrolls of amnesia {unknown}
 t - a scroll of holy word {unknown}
Potions
 c - a potion of haste {unknown}
 g - 3 potions of degeneration
 j - a potion of ambrosia {unknown}
 k - a potion of curing
 n - 2 potions of flight {unknown}
 w - 2 potions of heal wounds {unknown}
 x - a potion of mutation {unknown}
 z - a potion of resistance {unknown}


   Skills:
 - Level 3.6 Fighting
 + Level 16.0 Axes
 - Level 2.4 Armour
 - Level 2.1 Dodging


You had 8 spell levels left.
You didn't know any spells.
Your spell library was empty.

Dungeon Overview and Level Annotations

Branches:
Dungeon (7/15)             Temple (0/1) D:4          Bailey (1/1)

Altars:
Hepliaklqana
Kikubaaqudgha
Nemelex Xobeh
The Shining One

Shops:
D:2 (   D:5 ?


Innate Abilities, Weirdness & Mutations

You have a pair of horns on your head.
You reflexively headbutt those who attack you in melee.


Message History

You are no longer berserk.
You are exhausted.
You feel yourself slow down.
The gnoll shaman hits you but does no damage.
Your Axes skill increases to level 16!
Unknown command.
It was a potion of degeneration.
There was something very wrong with that liquid.
You feel weakened.
You feel dopey.
You feel clumsy.
The gnoll shaman hits you but does no damage.
The gnoll shaman closely misses you. You furiously retaliate!
You headbutt the gnoll shaman, but do no damage.
The gnoll sergeant hits you but does no damage.
The gnoll shaman hits you from afar with a +0 trident.
* * * LOW HITPOINT WARNING * * *
The gnoll shaman mumbles some strange prayers to its god against you.
You easily resist.
The gnoll sergeant hits you with a +0 halberd.
* * * LOW HITPOINT WARNING * * *
The gnoll shaman hits you but does no damage.
Unknown command.
Unknown command.
It was a potion of curing.
You feel better.
The gnoll shaman hits you but does no damage.
The gnoll shaman hits you from afar with a +0 trident.
* * * LOW HITPOINT WARNING * * *
The gnoll shaman calls upon its god to speed up the gnoll sergeant.
The gnoll sergeant seems to speed up.
The gnoll sergeant hits you but does no damage.
The gnoll shaman hits you but does no damage. x2
Unknown command.
You feel better.
The gnoll sergeant hits you with a +0 halberd!
* * * LOW HITPOINT WARNING * * *
The gnoll shaman hits you from afar with a +0 trident.
* * * LOW HITPOINT WARNING * * *
The gnoll shaman hits you with a +0 trident!
You die...

#...# .≈♣
#.).#+#####≈♣
#...#.....#≈♣
##'##....8#
##.).##....#
##..)).##...#
#....)).#g..#
#..)8...#gg.#
#.......#)@.#
##.....##.).#
##...##.)..#
##'##....8#
#.).#.....#
+.).'....##
#...#...##
#...#####
......


You could see a gnoll sergeant (fast) and 2 gnoll shamans.

Vanquished Creatures
  Sigmund (D:3)
  A wyvern (D:7)
  Menkaure (D:6)
  An orc warrior (D:3)
  An ice beast (D:5)
  A sky beast (D:7)
  2 black bears
  A necrophage (D:5)
  2 centaurs
  4 ogres
  A bullfrog (D:6)
  4 gnoll sergeants (Bailey)
  3 scorpions
  2 jellies
  2 centaur zombies
  3 hounds
  A bullfrog skeleton (D:6)
  2 gnoll shamans (Bailey)
  Terence (D:2)
  2 iguanas
  4 orc wizards
  A killer bee zombie (D:7)
  13 gnolls
  5 adders
  A shadow imp (D:6)
  A white imp (D:6)
  4 worms
  2 dart slugs (D:2)
  18 orcs
  7 ball pythons
  9 endoplasms
  2 giant cockroaches
  11 goblins
  9 hobgoblins
  4 jackals
  7 quokkas
  6 bats
  3 frilled lizards
  A jackal zombie (D:4)
  5 rats
149 creatures vanquished.

Notes
Turn   | Place    | Note
-------+----------+-------------------------------------------
     0 | D:1      | septik the Minotaur Berserker began the quest for the Orb.
     0 | D:1      | Reached XP level 1. HP: 19/19 MP: 0/0
    45 | D:1      | Reached skill level 4 in Axes
   117 | D:1      | Reached XP level 2. HP: 26/26 MP: 1/1
   805 | D:2      | Reached skill level 5 in Axes
   892 | D:2      | Reached XP level 3. HP: 28/31 MP: 2/2
  1054 | D:2      | Noticed Terence
  1060 | D:2      | Killed Terence
  1130 | D:2      | Reached skill level 6 in Axes
  1130 | D:2      | Reached XP level 4. HP: 33/39 MP: 3/3
  1476 | D:2      | Found a faded altar of an unknown god.
  1783 | D:2      | Found Niafrarao's Antique Weapon Shoppe.
  1786 | D:2      | Bought a glowing broad axe for 133 gold pieces
  2049 | D:3      | Noticed Sigmund
  2062 | D:3      | Killed Sigmund
  2063 | D:3      | Reached skill level 8 in Axes
  2063 | D:3      | Reached XP level 5. HP: 25/45 MP: 4/4
  2200 | D:3      | Found a sparkling altar of Nemelex Xobeh.
  2257 | D:3      | Reached ** piety under Trog
  2261 | D:3      | Reached XP level 6. HP: 45/51 MP: 5/5
  2351 | D:3      | Noticed an orc warrior
  2360 | D:3      | Killed an orc warrior
  3089 | D:4      | Found a staircase to the Ecumenical Temple.
  3121 | D:4      | Reached skill level 9 in Axes
  3234 | D:4      | Reached XP level 7. HP: 35/57 MP: 6/6
  3488 | D:4      | Reached skill level 10 in Axes
  3511 | D:4      | You fall into a shaft and drop 2 floors!
  3515 | D:6      | Noticed Menkaure
  3521 | D:6      | Killed Menkaure
  3523 | D:6      | Reached skill level 11 in Axes
  3619 | D:6      | Reached XP level 8. HP: 19/64 MP: 7/7
  3865 | D:5      | Entered Level 5 of the Dungeon
  3907 | D:5      | Found a hazy altar of Hepliaklqana.
  3947 | D:5      | Found an ancient bone altar of Kikubaaqudgha.
  3994 | D:5      | Found Hotuafagykh's Magic Scroll Emporium.
  4008 | D:5      | Reached *** piety under Trog
  4009 | D:5      | Reached skill level 12 in Axes
  4101 | D:5      | Bought a scroll of noise for 14 gold pieces
  4101 | D:5      | Bought a scroll of identify for 28 gold pieces
  4538 | D:5      | Reached skill level 13 in Axes
  5087 | D:6      | Found a glowing golden altar of the Shining One.
  5523 | D:7      | Reached skill level 14 in Axes
  5569 | D:5      | Bought a scroll of magic mapping for 49 gold pieces
  5688 | D:7      | Reached XP level 9. HP: 62/70 MP: 8/8
  5725 | D:7      | Found a flagged portal.
  5730 | D:7      | Reached skill level 15 in Axes
  5768 | Bailey   | Entered a bailey
  6189 | Bailey   | Reached skill level 16 in Axes
  6189 | Bailey   | HP: 2/70 [gnoll sergeant (4)]
  6191 | Bailey   | Slain by a gnoll shaman

Illustrated notes

Levels and vault maps discovered:
D:1:      minmay_arrival_up_and_down, layout_loops_cross
D:2:      layout_basic, ebering_ecumenical_altar_mist, serial_shops,
          shop_statue, minmay_pentomino_q4, uniq_terence
D:3:      layout_basic, amcnicky_altar_gilded, uniq_crazy_yiuf_cottage,
          uniq_sigmund
D:4:      minmay_diamond_boxcup, layout_loops_ring,
          nicolae_ru_sacrificial_ziggurat, xom_confusion_cloud,
          lemuel_blue_sif_altar, minmay_temple_entry_drinking_statues,
          minmay_hedge_maze, kennysheep_generic_room_8
D:5:      layout_loops_cross, general_overflow_altar, mainiacjoe_overflow_paths,
          serial_shops, nicolae_shop_competitors_out_of_business
D:6:      layout_cave_pools, mainiacjoe_overflow_small_starburst, uniq_menkaure
D:7:      layout_basic, enter_bailey_5
Bailey:   bailey_polearm_gnolls_kennysheep, bailey

Skill      XL: |  1  2  3  4  5  6  7  8  9 |
---------------+----------------------------+-----
Axes           | 4 5 6 8 9 11 14 16 | 16.0
Fighting       | |  3.6
Armour         | |  2.4
Dodging        | |  2.1

Action                   |  1- 3 |  4- 6 |  7- 9 || total
-------------------------+-------+-------+-------++-------
Melee: Hand axe          |    61 |    15 |       ||    76
       Headbutt          |    10 |    12 |    20 ||    42
       Broad axe         |       |    68 |   156 ||   224
Invok: Berserk           |     2 |     3 |     4 ||     9
       Trog's Hand       |       |       |     1 ||     1
  Use: Scroll            |       |       |     1 ||     1
       Potion            |       |       |     3 ||     3
Armor: Ring mail         |    21 |     8 |       ||    29
       Plate armour      |       |    36 |   118 ||   154
Dodge: Dodged            |    30 |    30 |    61 ||   121

Table legend: (Time is in decaauts)
 A = Elapsed time spent in this place.
 B = Non-inter-level travel time spent in this place.
 C = Inter-level travel time spent in this place.
 D = Time resting spent in this place.
 E = Time spent auto-exploring this place.
 F = Levels seen in this place.
 G = Mean time per level.
                   A        B        C        D        E       F      G
               +--------+--------+--------+--------+--------+-----+--------+
         Total |   6250 |   6092 |    158 |    588 |   4604 |   8 |  781.2 |
       Dungeon |   5830 |   5672 |    158 |    352 |   4514 |   7 |  832.9 |
        Bailey |    420 |    420 |      0 |    236 |     90 |   1 |  420.0 |
               +--------+--------+--------+--------+--------+-----+--------+

Top non-repeatable levels by time:
     D:6: 1332 daAuts
     D:3: 1170 daAuts
     D:2: 1143 daAuts
     D:5: 808 daAuts
     D:1: 807 daAuts
     D:4: 442 daAuts
  Bailey: 420 daAuts
     D:7: 124 daAuts
